AoeStats
← Darkspideyy

Baltic

510805869Analyzed
4v4 RM · 15h ago on Oct 2, 2026· 50m 4s· 8 players
Game mode
Random Map
Map size
Large (8 player)
Population
200
Speed
Normal
Resources
Standard
Victory
Conquest
Starting age
Dark Age
Ending age
Imperial Age
RankedLock teamsTeams togetherTeam positionsShared explorationLock speedFull tech treeHidden civsTurbo modeCheats
Victory
Defeat
🇩🇪 Italians · Germany
952
+15
🇬🇧 Bengalis · United Kingdom
917
+16
🇪🇸 Dravidians · Spain
884
+18
🇬🇧 Spanish · United Kingdom
870
+18
🇮🇳 Sicilians · India
1039
-21
🇦🇷 Vikings · Argentina
954
-18
🇲🇽 Italians · Mexico
872
-15
🇮🇳 Bohemians · India
821
-35
ben.jack.beevers
0:26 Loom
15:19 Feudal Age
17:42 Double-Bit Axe
17:57 Fishing Lines
18:42 Horse Collar
21:45 Castle Age
20:00 Gold Mining
25:34 Wheelbarrow
25:21 Fletching
25:32 Padded Archer Armor
25:39 Scale Barding Armor
26:03 Bow Saw
29:10 Ballistics
28:50 Bodkin Arrow
29:10 Leather Archer Armor
35:29 Heavy Plow
36:52 Stone Mining
42:00 Imperial Age
40:26 Bloodlines
40:43 Chain Barding Armor
40:50 Hand Cart
41:03 Husbandry
41:18 Paiks
44:04 Elite Battle Elephant
49:22 Plate Barding Armor
48:58 Forging
50:54 Conscription
MS2GUD1068
7:20 Loom
12:00 Feudal Age
18:41 Castle Age
18:11 Stone Mining
27:01 Ballistics
frankonil
4:15 Loom
12:41 Feudal Age
16:33 Gold Mining
20:29 Double-Bit Axe
23:05 Castle Age
21:13 Fletching
22:18 Horse Collar
26:34 Stone Mining
28:29 Bodkin Arrow
33:11 Imperial Age
31:02 Bow Saw
31:44 Ballistics
32:12 Murder Holes
34:59 Chemistry
37:32 Wheelbarrow
36:43 Town Watch
40:17 Town Patrol
40:10 Elite Cannon Galleon
41:17 Hand Cart
44:03 Elite Elephant Archer
46:26 Medical Corps
47:57 Heavy Plow
50:03 Bracer
50:04 Padded Archer Armor
50:10 Scale Barding Armor
MacWayne
12:35 Feudal Age
14:16 Horse Collar
14:24 Double-Bit Axe
17:19 Castle Age
15:07 Loom
18:56 Bow Saw
20:27 Heavy Plow
28:25 Ballistics
31:07 Imperial Age
30:33 Fletching
30:43 Padded Archer Armor
31:20 Silk Road
33:08 Chemistry
33:10 Bodkin Arrow
33:31 Leather Archer Armor
33:48 Conscription
34:40 Masonry
45:02 Two-Man Saw
SaMgAmEpLaY
11:13 Feudal Age
13:53 Double-Bit Axe
14:31 Horse Collar
15:17 Loom
17:33 Castle Age
17:45 Wheelbarrow
16:56 Town Watch
21:31 Heavy Plow
23:46 Bow Saw
23:32 Gold Mining
32:43 Imperial Age
30:56 Fletching
31:07 Padded Archer Armor
30:29 Elite Skirmisher
32:51 Hand Cart
32:49 Stone Mining
33:33 Ballistics
34:10 Conscription
34:59 Chemistry
34:04 Murder Holes
34:48 Bodkin Arrow
35:09 Leather Archer Armor
36:08 Thumb Ring
35:24 Crossbowman
36:17 Elite Cannon Galleon
37:45 Stone Shaft Mining
37:14 Caravan
37:45 Coinage
41:10 Bombard Tower
40:31 Treadmill Crane
41:12 Elite Genoese Crossbowman
42:06 Pirotechnia
44:47 Elite Genoese Crossbowman
Satty
11:17 Feudal Age
12:10 Loom
18:44 Castle Age
19:20 Forging
19:10 Scale Mail Armor
21:48 Wheelbarrow
21:50 Horse Collar
22:12 Double-Bit Axe
23:01 Chain Mail Armor
23:32 Pikeman
26:31 Bow Saw
28:54 Iron Casting
33:51 Squires
38:28 Imperial Age
39:58 Hand Cart
40:08 Conscription
40:30 Gold Mining
40:34 Stone Mining
40:49 Heavy Plow
42:21 Elite Serjeant
45:05 Halberdier
Darkspideyy
12:22 Loom
14:09 Feudal Age
17:36 Double-Bit Axe
20:46 Horse Collar
25:56 Castle Age
28:01 Siphons
28:51 Ballistics
29:08 Wagenburg Tactics
29:13 Scale Mail Armor
31:52 Forging
31:05 Pikeman
34:01 Bow Saw
35:38 Chemistry
39:41 Imperial Age
37:50 Wheelbarrow
39:21 Fortified Wall
39:54 Heavy Plow
40:17 Hand Cart
41:40 Elite Hussite Wagon
42:49 Arson
Producto.Machete
3:37 Loom
11:43 Feudal Age
15:45 Castle Age
14:05 Loom
14:25 Double-Bit Axe
15:15 Arson
15:27 Fishing Lines
16:28 Scale Mail Armor
16:47 Bow Saw
18:02 Squires
18:32 Horse Collar
22:16 Chain Mail Armor
23:01 Forging
24:27 Iron Casting
24:15 Town Watch
24:23 Stone Mining
25:22 Fletching
27:05 Gold Mining
28:14 Bow Saw
28:31 Heavy Plow
29:03 Bodkin Arrow
29:57 Padded Archer Armor
33:23 Gold Shaft Mining
33:40 Leather Archer Armor
38:07 Imperial Age
36:47 Elite Skirmisher
37:41 Town Patrol
38:17 Elite Varangian Guard
Connection lost

Rejoining the realm…

Still unreachable

The connection could not be restored.

Session expired

The server has moved on; the page needs a fresh start.